 Dungeon Crawl Stone Soup version 0.23.2-1-ga50397a6bc (webtiles) character file.

Game seed: 4077425861838732980

9952 OMOHnopBeT the Fighter (level 11, 0/103 HPs)
             Began as a Minotaur Fighter on May 3, 2019.
             Was a High Priest of Okawaru.
             Slain by a freezing wraith (16 damage)
             ... led by a death knight
             ... on level 8 of the Dungeon.
             The game lasted 00:39:47 (9518 turns).

OMOHnopBeT the Fighter (Minotaur Fighter)           Turns: 9518, Time: 00:39:48

Health: 0/103      AC: 21    Str: 18    XL:     11   Next: 29%
Magic:  3/10       EV:  9    Int:  6    God:    Okawaru [*****.]
Gold:   383        SH:  0    Dex: 12    Spells: 10/10 levels left

rFire    . . .     SeeInvis .   k - +6 great sword of Wievolua {slice, rElec MR+ Int-3}
rCold    . . .     Gourm    .   (shield currently unavailable)
rNeg     + + +     Faith    .   s - +0 plate armour
rPois    +         Spirit   .   x - +2 hat
rElec    +         Reflect  .   (no cloak)
rCorr    .         Harm     .   p - +0 pair of gloves
MR       +++..                  (no boots)
Stlth    ..........             F - amulet "Toreutaf" {Acrobat rPois rN+++ MR+ Str-3}
HPRegen  0.27/turn              b - ring of protection from magic
MPRegen  0.12/turn              j - +3 ring of intelligence

@: heroism, slowed, very slow
A: retaliatory headbutt, horns 2
a: Heroism, Finesse, Renounce Religion


You were on level 8 of the Dungeon.
You worshipped Okawaru.
Okawaru was extremely pleased with you.
You were hungry.

You visited 2 branches of the dungeon, and saw 10 of its levels.
You also visited: Sewer.

You collected 383 gold pieces.

Inventory:

Hand Weapons
 a - a +6 flail of draining
 k - the +6 great sword of Wievolua (weapon) {slice, rElec MR+ Int-3}
   (Okawaru gifted it to you on level 8 of the Dungeon)

   It inflicts extra damage upon your enemies.
   It affects your intelligence (-3).
   It insulates you from electricity.
   It affects your resistance to hostile enchantments.
 B - a +0 falchion of flaming
Armour
 c - a +1 shield
 p - a +0 pair of gloves (worn)
 s - a +0 plate armour (worn)
 x - a +2 hat (worn)
Jewellery
 b - a ring of protection from magic (left hand)
 j - a +3 ring of intelligence (right hand)
 D - an uncursed ring of resist corrosion
 F - the amulet "Toreutaf" (around neck) {Acrobat rPois rN+++ MR+ Str-3}
   (You took it off an orc warrior on level 8 of the Dungeon)

   [amulet of the acrobat]

   It helps you evade while moving and waiting.
   It affects your strength (-3).
   It protects you from poison.
   It renders you almost immune to negative energy.
   It affects your resistance to hostile enchantments.
Wands
 q - a wand of disintegration (15)
 v - a wand of paralysis (13)
 E - a wand of flame (16)
Scrolls
 e - 6 scrolls of teleportation
 l - 6 scrolls of remove curse
 m - a scroll of magic mapping
 n - 2 scrolls of enchant weapon {unknown}
 o - 2 scrolls of blinking
 y - 2 scrolls of fog
 C - 2 scrolls of enchant armour
Potions
 d - 4 potions of might
 g - 3 potions of haste
 h - 4 potions of heal wounds
 i - 3 potions of berserk rage
 r - a potion of invisibility
 t - 2 potions of lignification
 u - 3 potions of agility
 w - a potion of flight {unknown}
 z - 2 potions of curing
 G - a potion of magic {unknown}
Miscellaneous
 H - a phantom mirror
Comestibles
 f - 18 rations


   Skills:
 + Level 11.6(16.6) Fighting
 + Level 11.1(16.1) Long Blades
 * Level 5.3(10.3) Maces & Flails
 + Level 11.5(16.5) Armour
 + Level 8.4(13.4) Shields


You had 10 spell levels left.
You didn't know any spells.
Your spell library contained the following spells:

 Spells                   Type           Power        Failure   Level  Hunger
 Flame Tongue             Conj/Fire      #....        99%         1    ##.....
 Throw Flame              Conj/Fire      #.....       100%        2    ###....
 Conjure Flame            Conj/Fire      #.......     100%        3    ####...
 Inner Flame              Hex/Fire       #.......     100%        3    ####...
 Sticky Flame             Conj/Fire      #.......     100%        4    #####..
 Fireball                 Conj/Fire      #.........   100%        5    ######.


Dungeon Overview and Level Annotations

Branches:
Dungeon (9/15)             Temple (1/1) D:6
   Lair: D:8-11         Orc: D:9-12

Altars:
Ashenzari
Cheibriados
Dithmenos
Elyvilon
Fedhas
Gozag
Hepliaklqana
Kikubaaqudgha
Makhleb
Nemelex Xobeh
Okawaru
Qazlal
Ru
Sif Muna
Trog
Uskayaw
Vehumet
Wu Jian
Xom
Yredelemnul
Zin
The Shining One

Shops:
D:4 !

Annotations:
D:5 1 runed translucent door


Innate Abilities, Weirdness & Mutations

You reflexively headbutt those who attack you in melee.
You have a pair of horns on your head.


Message History

Your hands slow down.
The freezing wraith hits you! The freezing wraith freezes you!!
* * * LOW HITPOINT WARNING * * *
The freezing wraith hits you but does no damage.
Things that are here:
a yak corpse x3
There is a stone staircase leading up here.
The freezing wraith hits you but does no damage.
The freezing wraith hits you.
* * * LOW HITPOINT WARNING * * *
The freezing wraith drains your vigour!
You feel yourself slow down.
You climb upwards.
There is a stone staircase leading down here.
You fail to use your ability.
The freezing wraith hits you but does no damage. x2
You gain the combat prowess of a mighty hero.
The freezing wraith hits you.
* * * LOW HITPOINT WARNING * * *
The freezing wraith freezes you!
You die...

#.##...### #......
#..#.....####).....
##.####...........#
#.# #.####..#...#
#.# #..#...###(.#
#.# ##...#...#..#
#.# ##..####.#..#
#W# #.....)#....#
#@# #.####.##...#
#.# #.# #.##...#
#.# #.# #.##...#
#.####.####......#
#...........#....#
##..........###..#
#..........# #..#
#..........# #..#
#..........# #..#


You could see a freezing wraith.

Vanquished Creatures
  A hydra (D:8)
  A centaur warrior (D:8)
  A death knight (D:9)
  2 two-headed ogres (D:8)
  An unseen horror (D:8)
  An ugly thing (D:8)
  2 dream sheep (D:8)
  2 hippogriffs (D:7)
  7 yaks
  A wyvern (D:8)
  A vampire (D:8)
  A wraith (D:8)
  4 hungry ghosts
  A water moccasin (D:6)
  3 orc warriors
  2 phantoms
  2 sky beasts
  A black bear (D:8)
  A necrophage (D:7)
  An eye of draining (D:8)
  2 ogres
  2 centaurs (D:8)
  3 big kobolds (D:8)
  3 bullfrogs (D:8)
  A scorpion (D:5)
  7 killer bees
  2 howler monkeys (D:8)
  A centaur zombie (D:8)
  3 crimson imps
  4 hounds
  3 jellies
  A centaur skeleton (D:9)
  An orc priest (D:7)
  2 orc wizards
  A bullfrog skeleton (D:4)
  Ijyb (D:3)
  Jessica (D:3)
  4 worker ants
  A killer bee zombie (D:8)
  2 hound skeletons (D:8)
  2 hound zombies
  A worker ant zombie (D:8)
  10 adders
  7 gnolls
  2 river rats (Sewer)
  A shadow imp (D:8)
  An ooze (D:5)
  An adder zombie (D:9)
  3 worms
  2 dart slugs
  6 leopard geckos
  10 orcs
  3 ball pythons (Sewer)
  7 bats
  14 giant cockroaches
  10 goblins
  10 hobgoblins
  10 jackals
  7 quokkas
  7 frilled lizards
  7 kobolds
  2 leopard gecko skeletons
  2 leopard gecko zombies
  17 rats
223 creatures vanquished.

Notes
Turn   | Place    | Note
-------+----------+-------------------------------------------
     0 | D:1      | OMOHnopBeT the Minotaur Fighter began the quest for the
                  | Orb.
     0 | D:1      | Reached XP level 1. HP: 19/19 MP: 0/0
   140 | D:1      | Reached XP level 2. HP: 25/27 MP: 1/1
   716 | D:2      | Reached XP level 3. HP: 33/33 MP: 2/2
   854 | D:2      | Reached XP level 4. HP: 16/41 MP: 3/3
  1517 | D:3      | Found a faded altar of an unknown god.
  1642 | D:3      | Reached skill level 5 in Long Blades
  1716 | D:3      | Reached skill level 5 in Fighting
  1716 | D:3      | Reached XP level 5. HP: 42/48 MP: 4/4
  1916 | D:3      | Noticed Jessica
  1927 | D:3      | Killed Jessica
  2247 | D:3      | Noticed Ijyb
  2258 | D:3      | Killed Ijyb
  2673 | D:4      | Found Vonep's Distillery.
  2682 | D:4      | Reached XP level 6. HP: 49/56 MP: 5/5
  3271 | D:5      | Entered Level 5 of the Dungeon
  3289 | D:5      | Noticed a sky beast
  3297 | D:5      | Killed a sky beast
  3363 | D:5      | Reached XP level 7. HP: 47/64 MP: 6/6
  3553 | D:5      | Found a runed translucent door.
  3554 | D:5      | Noticed an angel
  3613 | D:5      | Found a sacrificial altar of Ru.
  3681 | D:5      | Found a glowing drain.
  3685 | Sewer    | Entered a sewer
  4195 | D:5      | Found a white marble altar of Elyvilon.
  4743 | D:6      | Noticed a hungry ghost
  4761 | D:6      | Killed a hungry ghost
  4761 | D:6      | Reached XP level 8. HP: 72/73 MP: 7/7
  4778 | D:6      | Found a staircase to the Ecumenical Temple.
  4786 | Temple   | Entered the Ecumenical Temple
  4850 | Temple   | Became a worshipper of Warmaster Okawaru
  5478 | D:7      | Noticed a hippogriff
  5487 | D:7      | Killed a hippogriff
  5487 | D:7      | Reached skill level 10 in Long Blades
  5609 | D:7      | Reached * piety under Okawaru
  6179 | D:7      | Noticed a hippogriff
  6186 | D:7      | Killed a hippogriff
  6186 | D:7      | Reached skill level 5 in Armour
  6423 | D:8      | Reached XP level 9. HP: 81/82 MP: 8/8
  6482 | D:8      | Reached ** piety under Okawaru
  6773 | D:8      | Reached skill level 5 in Shields
  6787 | D:8      | Reached *** piety under Okawaru
  6787 | D:8      | Reached skill level 10 in Fighting
  6826 | D:8      | Noticed a two-headed hydra
  6832 | D:8      | Killed a one-headed hydra
  6832 | D:8      | Reached XP level 10. HP: 37/93 MP: 9/9
  7271 | D:8      | Noticed a white ugly thing
  7283 | D:8      | Killed a white ugly thing
  7370 | D:8      | Killed an unseen horror
  7370 | D:8      | Reached **** piety under Okawaru
  7370 | D:8      | Reached skill level 10 in Armour
  7477 | D:8      | Noticed a two-headed ogre
  7900 | D:8      | Killed a two-headed ogre
  7924 | D:8      | Reached skill level 1 in Maces & Flails
  8450 | D:8      | Identified the amulet "Toreutaf" {Acrobat rPois rN+++ MR+
                  | Str-3}
  8773 | D:8      | Noticed a centaur warrior
  8773 | D:8      | Noticed a two-headed ogre
  8785 | D:8      | Killed a centaur warrior
  8785 | D:8      | Reached ***** piety under Okawaru
  8793 | D:8      | Killed a two-headed ogre
  8793 | D:8      | Received a gift from Okawaru
  8793 | D:8      | Reached XP level 11. HP: 38/102 MP: 10/10
  8817 | D:8      | Got a bloodstained great sword {god gift}
  8823 | D:8      | Identified the +6 great sword of Wievolua {slice, rElec MR+
                  | Int-3} (Okawaru gifted it to you on level 8 of the Dungeon)
  9473 | D:9      | Noticed a death knight
  9506 | D:9      | Killed a death knight
  9506 | D:9      | Reached skill level 5 in Maces & Flails
  9518 | D:8      | Slain by a freezing wraith

Skill      XL: |  1  2  3  4  5  6  7  8  9 10 11 |
---------------+----------------------------------+-----
Fighting       | 4 5 6 7 8 10 11 | 11.6
Long Blades    | 3 4 5 6 7 9 11 | 11.1
Armour         | 5 9 11 | 11.5
Shields        | 6 8 |  8.4
Maces & Flails | 4 5 |  5.3

Action                   |  1- 3 |  4- 6 |  7- 9 | 10-12 || total
-------------------------+-------+-------+-------+-------++-------
Melee: Long sword        |    65 |   174 |   390 |       ||   629
       Headbutt          |     8 |    25 |    75 |    32 ||   140
       Falchion          |       |       |     6 |    71 ||    77
       Flail             |       |       |       |    69 ||    69
       Great sword       |       |       |       |    37 ||    37
Invok: Heroism           |       |       |     3 |    11 ||    14
       Finesse           |       |       |       |     1 ||     1
  Use: Scroll            |       |    12 |     5 |     7 ||    24
  Eat: Chunk             |       |     8 |     9 |     5 ||    22
       Ration            |       |       |     2 |     2 ||     4
Armor: Scale mail        |    31 |    65 |    56 |       ||   152
       Chain mail        |       |       |   105 |    74 ||   179
       Plate armour      |       |       |       |    14 ||    14
Dodge: Dodged            |    14 |    60 |    63 |    44 ||   181
Block: Shield            |    24 |    86 |   180 |    76 ||   366
       Rpst.: Long sword |     4 |    14 |    15 |       ||    33
       Falchion          |       |       |       |     3 ||     3
       Great sword       |       |       |       |     2 ||     2
